Golden Knights vs Penguins
Created - June 18, 2023 at 22:10
Goals
|
| Golden Knights |
1 |
0 |
1 |
2 |
| Penguins |
2 |
0 |
3 |
5 |
|
Shots
|
| Golden Knights |
7 |
10 |
6 |
23 |
| Penguins |
12 |
8 |
11 |
31 |
|
1st period
1. Penguins , Marcus Foligno 6 (Marcus Johansson 2, Max Reinhart 4) at 11:44
2. Golden Knights , Jordan Eberle 6 (Steven Stamkos 10) at 16:00 (PP)
3. Penguins , Anze Kopitar 7 (Cal Clutterbuck 4, Danny DeKeiser 5) at 19:15 (SH)
Penalties :
Zach Bogosian (Veg) for Holding (Minor) at 0:21, Jamie Oleksiak (Veg) for Roughing (Minor) at 12:27, Cal Clutterbuck (Pit) for Holding (Minor) at 15:34, Paul Stastny (Pit) for Delaying the game (Minor) at 18:59
2nd period
No Goal
Penalties :
Keith Aulie (Pit) for Holding (Minor) at 15:31
3rd period
4. Penguins , Keith Aulie 2 (Danny DeKeiser 6) at 2:37 (PP)
5. Penguins , Evan Rodrigues 1 (Brandon Tanev 4, JT Compher 3) at 8:23
6. Penguins , Anze Kopitar 8 (Brendan Gallagher 1, Keith Aulie 3) at 8:31
7. Golden Knights , Steven Stamkos 6 (Jordan Eberle 6, Zach Bogosian 5) at 19:53
Penalties :
Zach Bogosian (Veg) for Tripping (Minor) at 2:04, Eric Robinson (Veg) for Hooking (Minor) at 4:31, Andrew Cogliano (Veg) for Roughing (Minor) at 12:13
Goalie Stats
Ondrej Pavelec (Veg), 26 saves from 31 shots - (0.839), L, 7-3-1, 60:00 minutes
Jonathan Quick (Pit), 21 saves from 23 shots - (0.913), W, 6-2-2, 60:00 minutes
Players Stats for Golden Knights
Player Name G A P +/- PIM S H SB GA TA FO MP PP MP PK MP
------------------------------------------------------------------------------------
Alexander Radulov 0 0 0 0 0 1 0 0 1 0 1/1 12:18 1:39 0:00
Andrei Loktionov 0 0 0 0 0 2 0 0 1 1 7/9 17:43 1:39 3:22
Andrew Cogliano 0 0 0 0 2 2 1 1 2 0 0/0 17:15 1:39 2:34
Anton Lindholm 0 0 0 0 0 0 1 1 0 0 0/0 12:55 0:00 0:00
Christopher Tanev 0 0 0 0 0 0 0 1 0 0 0/0 20:13 0:46 4:38
Eric Robinson 0 0 0 0 2 1 1 0 0 0 0/0 9:38 0:05 1:01
Jake Guentzel 0 0 0 -2 0 3 1 0 0 0 2/3 22:07 2:40 4:45
Jamie Oleksiak 0 0 0 0 2 0 0 1 0 1 0/0 15:14 0:00 0:31
Jordan Eberle 1 1 2 -2 0 2 0 0 0 0 0/1 17:21 2:40 0:00
Kyle Rau 0 0 0 -1 0 1 0 0 0 0 4/7 11:24 0:00 0:10
Lawson Crouse 0 0 0 -1 0 0 0 0 0 0 0/0 11:05 0:00 0:12
Luke Glendening 0 0 0 0 0 0 1 0 0 0 1/1 8:19 0:00 0:00
Mathew Dumba 0 0 0 -3 0 1 2 0 2 1 0/0 28:32 3:38 4:57
Olli Maatta 0 0 0 0 0 0 2 0 0 2 0/0 19:07 0:46 3:32
Steven Stamkos 1 1 2 -2 0 4 2 0 2 0 14/33 22:31 2:45 4:54
Tom Wilson 0 0 0 -1 0 2 1 0 0 0 0/0 11:06 0:05 0:00
Tomas Nosek 0 0 0 0 0 2 1 0 0 0 2/3 8:19 0:00 0:00
Zach Bogosian 0 1 1 -3 4 2 2 2 2 1 0/0 26:19 3:38 3:20
Players Stats for Penguins
Player Name G A P +/- PIM S H SB GA TA FO MP PP MP PK MP
------------------------------------------------------------------------------------
Anze Kopitar 2 0 2 2 0 3 1 0 0 1 22/40 23:04 4:43 3:00
Ben Lovejoy 0 0 0 2 0 0 1 3 0 1 0/0 12:35 0:00 0:48
Brandon Tanev 0 1 1 1 0 2 1 0 1 1 0/0 9:35 0:00 0:00
Brendan Gallagher 0 1 1 1 0 3 2 0 4 0 1/1 19:59 4:43 0:00
Cal Clutterbuck 0 1 1 1 2 2 1 0 0 1 0/1 11:55 0:00 2:30
Danny DeKeiser 0 2 2 1 0 1 1 2 1 3 0/0 28:31 5:25 2:54
Evan Rodrigues 1 0 1 1 0 2 1 0 0 0 1/3 9:35 0:00 0:00
JT Compher 0 1 1 1 0 2 0 0 0 0 0/0 9:35 0:00 0:00
Justin Schultz 0 0 0 0 0 2 1 1 0 1 0/0 19:58 3:04 1:46
Keith Aulie 1 1 2 1 2 4 2 1 0 0 0/0 27:27 5:25 1:50
Marcus Foligno 1 0 1 0 0 3 1 0 0 1 0/0 17:20 3:46 0:45
Marcus Johansson 0 1 1 0 0 0 1 0 0 0 0/0 17:45 3:46 1:09
Max Reinhart 0 1 1 0 0 3 1 2 0 0 2/7 17:57 3:46 1:22
Nick Leddy 0 0 0 2 0 0 2 1 0 0 0/0 12:20 0:00 0:33
Oscar Klefbom 0 0 0 0 0 2 0 0 0 1 0/0 19:09 3:04 0:57
Paul Stastny 0 0 0 0 2 0 0 0 0 0 0/0 9:25 0:00 0:00
Sebastian Aho 0 0 0 0 0 2 0 0 0 0 1/6 9:24 0:00 0:02
Timo Meier 0 0 0 1 0 0 2 0 0 0 0/0 19:59 4:43 0:00
3 Stars
1 - Anze Kopitar (Pit)
2 - Keith Aulie (Pit)
3 - Danny DeKeiser (Pit)
Power Play
Golden Knights - 1 on 3 Attempt(s) - 33.33%
Penguins - 1 on 5 Attempt(s) - 20.00%
Penalty Kill
Golden Knights - 4 on 5 Attempt(s) - 80.00%
- Score 0 goal in Penalty Kill
Penguins - 2 on 3 Attempt(s) - 66.67%
- Score 1 goal in Penalty Kill
Team Stat
Golden Knights - Hits : 15 - Faceoff Wins : 31 - Blocked Shots : 6 - Penalty Minutes : 10
Penguins - Hits : 18 - Faceoff Wins : 27 - Blocked Shots : 10 - Penalty Minutes : 6
Official
Referees : Jean Hebert and Gord Dwyer
Linesman : Bryan Pancich and Devin Berg
Game Notes
No Game Note
Finance
Level 1 -- Attendance: 6000 (100.00%) -- Ticket Income $600,000
Level 2 -- Attendance: 5000 (100.00%) -- Ticket Income $300,000
Level 3 -- Attendance: 2000 (100.00%) -- Ticket Income $70,000
Level 4 -- Attendance: 4000 (100.00%) -- Ticket Income $100,000
Luxury Box -- Attendance: 1000 (100.00%) -- Ticket Income $200,000
Game was played at the PPG Paint Arena.
Total Attendance: 18000 (100.00%)
Total Ticket Income: $1,270,000
Other Income: $190,500
Total Income: $1,460,500
Golden Knights
5 vs 5 Forward
Center Left Wing Right Wing Time % Phy DF OF
1 Steven Stamkos Jake Guentzel Jordan Eberle 40 1 2 2
2 Andrei Loktionov Andrew Cogliano Alexander Radulov 30 1 2 2
3 Kyle Rau Lawson Crouse Tom Wilson 20 1 2 2
4 Tomas Nosek Eric Robinson Luke Glendening 10 1 2 2
5 vs 5 Defense
Defense Defense Time % Phy DF OF
1 Zach Bogosian Mathew Dumba 40 1 2 2
2 Olli Maatta Christopher Tanev 30 1 2 2
3 Jamie Oleksiak Anton Lindholm 20 1 2 2
4 Zach Bogosian Mathew Dumba 10 1 2 2
PowerPlay Forward
Center Left Wing Right Wing Time % Phy DF OF
1 Steven Stamkos Jake Guentzel Jordan Eberle 60 1 2 2
2 Andrei Loktionov Andrew Cogliano Alexander Radulov 40 1 2 2
PowerPlay Defense
Defense Defense Time % Phy DF OF
1 Zach Bogosian Mathew Dumba 60 1 2 2
2 Olli Maatta Christopher Tanev 40 1 2 2
Penalty Kill 4 Players Forward
Center Wing Time % Phy DF OF
1 Steven Stamkos Jake Guentzel 60 1 2 2
2 Andrei Loktionov Andrew Cogliano 40 1 2 2
Penalty Kill 4 Players Defense
Defense Defense Time % Phy DF OF
1 Zach Bogosian Mathew Dumba 60 1 2 2
2 Olli Maatta Christopher Tanev 40 1 2 2
Penalty Kill - 3 Players Forward
Forward Time % Phy DF OF
1 Steven Stamkos 60 1 2 2
2 Andrei Loktionov 40 1 2 2
Penalty Kill - 3 Players Defense
Defense Defense Time % Phy DF OF
1 Zach Bogosian Mathew Dumba 60 1 2 2
2 Olli Maatta Christopher Tanev 40 1 2 2
4 vs 4 Forward
Center Wing Time % Phy DF OF
1 Steven Stamkos Jake Guentzel 60 1 2 2
2 Andrei Loktionov Andrew Cogliano 40 1 2 2
4 vs 4 Defense
Defense Defense Time % Phy DF OF
1 Zach Bogosian Mathew Dumba 60 1 2 2
2 Olli Maatta Christopher Tanev 40 1 2 2
Last Minutes Offensive
Center Left Wing Right Wing Defense Defense
Steven Stamkos Jake Guentzel Jordan Eberle Zach Bogosian Mathew Dumba
Last Minutes Defensive
Center Left Wing Right Wing Defense Defense
Steven Stamkos Jake Guentzel Jordan Eberle Zach Bogosian Mathew Dumba
Goaltenders
Starting : Ondrej Pavelec
Backup : Laurent Brossoit
Extra Forwards
Normal : Andrew Cogliano, Alexander Radulov, Tom Wilson - PP : Andrew Cogliano, Alexander Radulov - PK : Andrew Cogliano
Extra Defensemen
Normal : Christopher Tanev, Jamie Oleksiak, Anton Lindholm - PP : Christopher Tanev - PK : Christopher Tanev, Jamie Oleksiak
Penalty Shots
Steven Stamkos, Jordan Eberle, Jake Guentzel, Andrei Loktionov, Andrew Cogliano
Scratches
Jamie Benn (Lacerated Left Calf Injury)
Penguins
5 vs 5 Forward
Center Left Wing Right Wing Time % Phy DF OF
1 Anze Kopitar Timo Meier Brendan Gallagher 40 1 2 2
2 Max Reinhart Marcus Johansson Marcus Foligno 30 1 2 2
3 Sebastian Aho Paul Stastny Cal Clutterbuck 20 1 2 2
4 Evan Rodrigues Brandon Tanev JT Compher 10 1 2 2
5 vs 5 Defense
Defense Defense Time % Phy DF OF
1 Danny DeKeiser Keith Aulie 40 1 2 2
2 Oscar Klefbom Justin Schultz 30 1 2 2
3 Nick Leddy Ben Lovejoy 20 1 2 2
4 Danny DeKeiser Keith Aulie 10 1 2 2
PowerPlay Forward
Center Left Wing Right Wing Time % Phy DF OF
1 Anze Kopitar Timo Meier Brendan Gallagher 60 1 2 2
2 Max Reinhart Marcus Johansson Marcus Foligno 40 1 2 2
PowerPlay Defense
Defense Defense Time % Phy DF OF
1 Danny DeKeiser Keith Aulie 60 1 2 2
2 Oscar Klefbom Justin Schultz 40 1 2 2
Penalty Kill 4 Players Forward
Center Wing Time % Phy DF OF
1 Anze Kopitar Cal Clutterbuck 60 1 2 2
2 Max Reinhart Marcus Foligno 40 1 2 2
Penalty Kill 4 Players Defense
Defense Defense Time % Phy DF OF
1 Danny DeKeiser Keith Aulie 60 1 2 2
2 Oscar Klefbom Justin Schultz 40 1 2 2
Penalty Kill - 3 Players Forward
Forward Time % Phy DF OF
1 Cal Clutterbuck 60 1 2 2
2 Max Reinhart 40 1 2 2
Penalty Kill - 3 Players Defense
Defense Defense Time % Phy DF OF
1 Danny DeKeiser Keith Aulie 60 1 2 2
2 Oscar Klefbom Justin Schultz 40 1 2 2
4 vs 4 Forward
Center Wing Time % Phy DF OF
1 Anze Kopitar Brendan Gallagher 60 1 2 2
2 Max Reinhart Marcus Foligno 40 1 2 2
4 vs 4 Defense
Defense Defense Time % Phy DF OF
1 Danny DeKeiser Keith Aulie 60 1 2 2
2 Oscar Klefbom Justin Schultz 40 1 2 2
Last Minutes Offensive
Center Left Wing Right Wing Defense Defense
Anze Kopitar Timo Meier Brendan Gallagher Danny DeKeiser Keith Aulie
Last Minutes Defensive
Center Left Wing Right Wing Defense Defense
Max Reinhart Brandon Tanev Cal Clutterbuck Danny DeKeiser Keith Aulie
Goaltenders
Starting : Jonathan Quick
Backup : Andrei Vasilevskiy
Extra Forwards
Normal : Brendan Gallagher, Marcus Foligno, Cal Clutterbuck - PP : Brendan Gallagher, Marcus Foligno - PK : Anze Kopitar
Extra Defensemen
Normal : Danny DeKeiser, Justin Schultz, Ben Lovejoy - PP : Nick Leddy - PK : Danny DeKeiser, Justin Schultz
Penalty Shots
Anze Kopitar, Marcus Johansson, Brendan Gallagher, Marcus Foligno, Timo Meier
Scratches
Derek Stepan (Groin Injury), Pavel Zacha (Healthy), Vladimir Mihalik (Healthy)
% Time on Ice - Golden Knights
Lines # - Real PCT - Wanted PCT - Time Play
Normal Forward
1 - 33% - 40% - 15:20
2 - 27% - 30% - 12:38
3 - 23% - 20% - 10:50
4 - 18% - 10% - 8:19
Normal Defense
1 - 39% - 40% - 18:29
2 - 31% - 30% - 14:49
3 - 27% - 20% - 12:55
4 - 2% - 10% - 0:54
PP Forward
1 - 63% - 60% - 2:45
2 - 38% - 40% - 1:39
PP Defense
1 - 83% - 60% - 3:38
2 - 17% - 40% - 0:46
PK Forward
1 - 74% - 60% - 6:15
2 - 26% - 40% - 2:14
PK Defense
1 - 58% - 60% - 4:57
2 - 42% - 40% - 3:32
PK3 Forward
1 - 0% - 60%
2 - 0% - 40%
PK3 Defense
1 - 0% - 60%
2 - 0% - 40%
44 Forward
1 - 0% - 60%
2 - 0% - 40%
44 Defense
1 - 0% - 60%
2 - 0% - 40%
Last Minute Offensive - 0:00
Last Minute Defensive - 0:00
Total
Forward - 60:00
Defense - 60:00
|
% Time on Ice - Penguins
Lines # - Real PCT - Wanted PCT - Time Play
Normal Forward
1 - 33% - 40% - 15:22
2 - 27% - 30% - 12:49
3 - 20% - 20% - 9:21
4 - 20% - 10% - 9:35
Normal Defense
1 - 39% - 40% - 18:34
2 - 32% - 30% - 15:08
3 - 25% - 20% - 11:47
4 - 3% - 10% - 1:38
PP Forward
1 - 56% - 60% - 4:43
2 - 44% - 40% - 3:46
PP Defense
1 - 64% - 60% - 5:25
2 - 36% - 40% - 3:04
PK Forward
1 - 83% - 60% - 3:39
2 - 17% - 40% - 0:45
PK Defense
1 - 78% - 60% - 3:27
2 - 22% - 40% - 0:57
PK3 Forward
1 - 0% - 60%
2 - 0% - 40%
PK3 Defense
1 - 0% - 60%
2 - 0% - 40%
44 Forward
1 - 0% - 60%
2 - 0% - 40%
44 Defense
1 - 0% - 60%
2 - 0% - 40%
Last Minute Offensive - 0:00
Last Minute Defensive - 0:00
Total
Forward - 60:00
Defense - 60:00
|
Play-by-Play
1st period
0:01 of 1st period - Anze Kopitar wins face-off versus Steven Stamkos in neutral zone.
0:04 of 1st period - Steven Stamkos is hit by Timo Meier and loses puck.
0:21 of 1st period - Minor Penalty to Zach Bogosian for Holding.
0:22 of 1st period - Jake Guentzel wins face-off versus Anze Kopitar in Golden Knights zone.
0:22 of 1st period - Jake Guentzel is hit by Brendan Gallagher.
0:36 of 1st period - Wrist shot by Anze Kopitar.
0:36 of 1st period - Shot Misses the Net.
0:38 of 1st period - Backhand shot by Danny DeKeiser.
0:38 of 1st period - Shot Misses the Net.
0:54 of 1st period - Slapshot by Max Reinhart.
0:54 of 1st period - Stopped by Ondrej Pavelec without a rebound.
0:55 of 1st period - Andrei Loktionov wins face-off versus Anze Kopitar in Golden Knights zone.
1:04 of 1st period - Jake Guentzel is hit by Justin Schultz and loses puck.
2:21 of 1st period - Penalty to Zach Bogosian is over, Zach Bogosian is back on ice.
3:37 of 1st period - Snap shot by JT Compher.
3:37 of 1st period - Shot Blocked by Andrew Cogliano.
4:03 of 1st period - Snap shot by JT Compher.
4:03 of 1st period - Stopped by Ondrej Pavelec with a rebound.
4:17 of 1st period - Wrist shot by Andrei Loktionov.
4:17 of 1st period - Shot Misses the Net.
4:19 of 1st period - Snap shot by Andrew Cogliano.
4:19 of 1st period - Deflect By Zach Bogosian.
4:19 of 1st period - Stopped by Jonathan Quick without a rebound.
4:20 of 1st period - Anze Kopitar wins face-off versus Steven Stamkos in Penguins zone.
4:25 of 1st period - Snap shot by Timo Meier.
4:25 of 1st period - Shot Misses the Net.
4:48 of 1st period - Snap shot by Marcus Foligno.
4:48 of 1st period - Stopped by Ondrej Pavelec with a rebound.
4:56 of 1st period - Wrist shot by Max Reinhart.
4:56 of 1st period - Stopped by Ondrej Pavelec without a rebound.
4:57 of 1st period - Anze Kopitar wins face-off versus Steven Stamkos in Golden Knights zone.
5:11 of 1st period - Timo Meier is hit by Olli Maatta and loses puck.
5:59 of 1st period - Snap shot by Eric Robinson.
5:59 of 1st period - Stopped by Jonathan Quick without a rebound.
6:00 of 1st period - Luke Glendening wins face-off versus Sebastian Aho in Penguins zone.
6:06 of 1st period - Off-side.
6:07 of 1st period - Steven Stamkos wins face-off versus Sebastian Aho in neutral zone.
6:33 of 1st period - Snap shot by Kyle Rau.
6:33 of 1st period - Deflect By Tom Wilson.
6:33 of 1st period - Stopped by Jonathan Quick without a rebound.
6:34 of 1st period - Kyle Rau wins face-off versus Anze Kopitar in Penguins zone.
7:39 of 1st period - Wrist shot by Andrei Loktionov.
7:39 of 1st period - Stopped by Jonathan Quick without a rebound.
7:40 of 1st period - Andrei Loktionov wins face-off versus Sebastian Aho in Penguins zone.
7:55 of 1st period - Slapshot by Paul Stastny.
7:55 of 1st period - Deflect By Cal Clutterbuck.
7:55 of 1st period - Stopped by Ondrej Pavelec with a rebound.
8:22 of 1st period - Steven Stamkos is hit by Marcus Johansson and loses puck.
8:50 of 1st period - Tomas Nosek is hit by Evan Rodrigues and loses puck.
9:19 of 1st period - Slapshot by Andrew Cogliano.
9:19 of 1st period - Shot Misses the Net.
9:21 of 1st period - Wrist shot by Andrew Cogliano.
9:21 of 1st period - Shot Misses the Net.
10:30 of 1st period - Wrist shot by Keith Aulie.
10:30 of 1st period - Stopped by Ondrej Pavelec without a rebound.
10:31 of 1st period - Andrei Loktionov wins face-off versus Anze Kopitar in Golden Knights zone.
10:59 of 1st period - Icing by Jake Guentzel.
11:00 of 1st period - Steven Stamkos wins face-off versus Max Reinhart in Golden Knights zone.
11:44 of 1st period - Snap shot by Marcus Foligno.
11:44 of 1st period - Goal by Marcus Foligno - Golden Knights : 0 - Penguins : 1.
11:45 of 1st period - Anze Kopitar wins face-off versus Kyle Rau in neutral zone.
12:27 of 1st period - Minor Penalty to Jamie Oleksiak for Roughing.
12:28 of 1st period - Steven Stamkos wins face-off versus Anze Kopitar in Golden Knights zone.
14:27 of 1st period - Penalty to Jamie Oleksiak is over, Jamie Oleksiak is back on ice.
14:39 of 1st period - Icing by Zach Bogosian.
14:40 of 1st period - Kyle Rau wins face-off versus Evan Rodrigues in Golden Knights zone.
14:40 of 1st period - Kyle Rau is hit by Nick Leddy.
14:50 of 1st period - Snap shot by JT Compher.
14:50 of 1st period - Stopped by Ondrej Pavelec without a rebound.
14:51 of 1st period - Max Reinhart wins face-off versus Jake Guentzel in Golden Knights zone.
15:34 of 1st period - Minor Penalty to Cal Clutterbuck for Holding.
15:35 of 1st period - Anze Kopitar wins face-off versus Steven Stamkos in Penguins zone.
15:43 of 1st period - Off-side.
15:44 of 1st period - Anze Kopitar wins face-off versus Steven Stamkos in neutral zone.
15:46 of 1st period - Off-side.
15:47 of 1st period - Steven Stamkos wins face-off versus Anze Kopitar in neutral zone.
15:58 of 1st period - Snap shot by Steven Stamkos.
15:58 of 1st period - Stopped by Jonathan Quick with a rebound.
16:00 of 1st period - Slapshot by Jordan Eberle.
16:00 of 1st period - Goal by Jordan Eberle - Golden Knights : 1 - Penguins : 1.
16:01 of 1st period - Anze Kopitar wins face-off versus Steven Stamkos in neutral zone.
16:04 of 1st period - Snap shot by Anze Kopitar.
16:04 of 1st period - Shot Blocked by Zach Bogosian.
16:06 of 1st period - Slapshot by Keith Aulie.
16:06 of 1st period - Stopped by Ondrej Pavelec with a rebound.
16:08 of 1st period - Snap shot by Anze Kopitar.
16:08 of 1st period - Stopped by Ondrej Pavelec without a rebound.
16:09 of 1st period - Steven Stamkos wins face-off versus Anze Kopitar in Golden Knights zone.
16:41 of 1st period - Zach Bogosian is hit by Danny DeKeiser and loses puck.
17:00 of 1st period - Snap shot by Oscar Klefbom.
17:00 of 1st period - Stopped by Ondrej Pavelec with a rebound.
17:02 of 1st period - Slapshot by Sebastian Aho.
17:02 of 1st period - Shot Misses the Net.
17:04 of 1st period - Wrist shot by Cal Clutterbuck.
17:04 of 1st period - Deflect By Paul Stastny.
17:04 of 1st period - Shot Misses the Net.
17:04 of 1st period - Puck is out of play.
17:05 of 1st period - Anze Kopitar wins face-off versus Andrei Loktionov in Golden Knights zone.
18:01 of 1st period - JT Compher is hit by Anton Lindholm and loses puck.
18:08 of 1st period - Kyle Rau is hit by Nick Leddy and loses puck.
18:21 of 1st period - Snap shot by Steven Stamkos.
18:21 of 1st period - Shot Blocked by Ben Lovejoy.
18:23 of 1st period - Slapshot by Jamie Oleksiak.
18:23 of 1st period - Shot Blocked by Ben Lovejoy.
18:29 of 1st period - Wrist shot by Steven Stamkos.
18:29 of 1st period - Shot Blocked by Ben Lovejoy.
18:31 of 1st period - Slapshot by Jamie Oleksiak.
18:31 of 1st period - Shot Misses the Net.
18:33 of 1st period - Snap shot by Jake Guentzel.
18:33 of 1st period - Stopped by Jonathan Quick with a rebound.
18:53 of 1st period - Snap shot by Andrew Cogliano.
18:53 of 1st period - Shot Misses the Net.
18:59 of 1st period - Minor Penalty to Paul Stastny for Delaying the game.
19:00 of 1st period - Anze Kopitar wins face-off versus Steven Stamkos in Penguins zone.
19:15 of 1st period - Snap shot by Anze Kopitar.
19:15 of 1st period - Goal by Anze Kopitar - Golden Knights : 1 - Penguins : 2.
19:16 of 1st period - Steven Stamkos wins face-off versus Anze Kopitar in neutral zone.
19:33 of 1st period - Snap shot by Steven Stamkos.
19:33 of 1st period - Shot Misses the Net.
19:54 of 1st period - Slapshot by Zach Bogosian.
19:54 of 1st period - Shot Blocked by Danny DeKeiser.
Goals for this period are 1 for Golden Knights vs 2 for Penguins.
Shots for this period are 7 for Golden Knights vs 12 for Penguins.
2nd period
0:01 of 2nd period - Anze Kopitar wins face-off versus Steven Stamkos in neutral zone.
0:15 of 2nd period - Zach Bogosian is hit by Anze Kopitar and loses puck.
0:47 of 2nd period - Slapshot by Mathew Dumba.
0:47 of 2nd period - Stopped by Jonathan Quick with a rebound.
0:59 of 2nd period - Penalty to Paul Stastny is over, Paul Stastny is back on ice.
2:29 of 2nd period - Snap shot by Anze Kopitar.
2:29 of 2nd period - Shot Misses the Net.
3:00 of 2nd period - Paul Stastny is hit by Mathew Dumba and loses puck.
3:21 of 2nd period - Timo Meier is hit by Mathew Dumba and loses puck.
3:54 of 2nd period - Justin Schultz is hit by Tom Wilson and loses puck.
4:16 of 2nd period - Wrist shot by Marcus Foligno.
4:16 of 2nd period - Stopped by Ondrej Pavelec without a rebound.
4:17 of 2nd period - Steven Stamkos wins face-off versus Sebastian Aho in Golden Knights zone.
4:28 of 2nd period - Wrist shot by Sebastian Aho.
4:28 of 2nd period - Stopped by Ondrej Pavelec without a rebound.
4:29 of 2nd period - Brendan Gallagher wins face-off versus Steven Stamkos in Golden Knights zone.
4:38 of 2nd period - Snap shot by Brendan Gallagher.
4:38 of 2nd period - Stopped by Ondrej Pavelec with a rebound.
5:23 of 2nd period - Snap shot by Zach Bogosian.
5:23 of 2nd period - Stopped by Jonathan Quick with a rebound.
6:41 of 2nd period - Snap shot by Andrew Cogliano.
6:41 of 2nd period - Shot Misses the Net.
7:43 of 2nd period - Wrist shot by Marcus Johansson.
7:43 of 2nd period - Shot Misses the Net.
8:32 of 2nd period - Slapshot by Zach Bogosian.
8:32 of 2nd period - Shot Blocked by Nick Leddy.
8:34 of 2nd period - Snap shot by Tomas Nosek.
8:34 of 2nd period - Stopped by Jonathan Quick without a rebound.
8:35 of 2nd period - Anze Kopitar wins face-off versus Steven Stamkos in Penguins zone.
9:00 of 2nd period - Marcus Johansson is hit by Zach Bogosian and loses puck.
9:11 of 2nd period - Snap shot by Andrew Cogliano.
9:11 of 2nd period - Shot Blocked by Justin Schultz.
9:37 of 2nd period - Snap shot by Max Reinhart.
9:37 of 2nd period - Stopped by Ondrej Pavelec without a rebound.
9:38 of 2nd period - Anze Kopitar wins face-off versus Steven Stamkos in Golden Knights zone.
9:47 of 2nd period - Snap shot by Jordan Eberle.
9:47 of 2nd period - Deflect By Steven Stamkos.
9:47 of 2nd period - Shot Misses the Net.
9:47 of 2nd period - Puck is out of play.
9:48 of 2nd period - Anze Kopitar wins face-off versus Steven Stamkos in Penguins zone.
10:17 of 2nd period - Snap shot by Jordan Eberle.
10:17 of 2nd period - Shot Blocked by Danny DeKeiser.
10:23 of 2nd period - Wrist shot by Jordan Eberle.
10:23 of 2nd period - Stopped by Jonathan Quick without a rebound.
10:24 of 2nd period - Andrei Loktionov wins face-off versus Max Reinhart in Penguins zone.
10:50 of 2nd period - Icing by Marcus Foligno.
10:51 of 2nd period - Kyle Rau wins face-off versus Cal Clutterbuck in Penguins zone.
11:06 of 2nd period - Wrist shot by Sebastian Aho.
11:06 of 2nd period - Shot Misses the Net.
11:08 of 2nd period - Slapshot by Justin Schultz.
11:08 of 2nd period - Deflect By Tom Wilson.
11:08 of 2nd period - Stopped by Ondrej Pavelec without a rebound.
11:09 of 2nd period - Steven Stamkos wins face-off versus Anze Kopitar in Golden Knights zone.
11:13 of 2nd period - Icing by Zach Bogosian.
11:14 of 2nd period - Anze Kopitar wins face-off versus Steven Stamkos in Golden Knights zone.
11:17 of 2nd period - Wrist shot by Brendan Gallagher.
11:17 of 2nd period - Stopped by Ondrej Pavelec without a rebound.
11:18 of 2nd period - Anze Kopitar wins face-off versus Steven Stamkos in Golden Knights zone.
11:29 of 2nd period - Wrist shot by Steven Stamkos.
11:29 of 2nd period - Stopped by Jonathan Quick with a rebound.
11:31 of 2nd period - Snap shot by Jake Guentzel.
11:31 of 2nd period - Shot Misses the Net.
11:33 of 2nd period - Snap shot by Jake Guentzel.
11:33 of 2nd period - Stopped by Jonathan Quick with a rebound.
11:35 of 2nd period - Wrist shot by Jake Guentzel.
11:35 of 2nd period - Stopped by Jonathan Quick without a rebound.
11:36 of 2nd period - Max Reinhart wins face-off versus Andrei Loktionov in Penguins zone.
12:02 of 2nd period - Zach Bogosian is hit by Keith Aulie and loses puck.
12:06 of 2nd period - Icing by Mathew Dumba.
12:07 of 2nd period - Steven Stamkos wins face-off versus Anze Kopitar in Golden Knights zone.
12:30 of 2nd period - Snap shot by Jake Guentzel.
12:30 of 2nd period - Shot Misses the Net.
12:42 of 2nd period - Slapshot by Steven Stamkos.
12:42 of 2nd period - Stopped by Jonathan Quick with a rebound.
12:44 of 2nd period - Wrist shot by Jordan Eberle.
12:44 of 2nd period - Shot Misses the Net.
12:48 of 2nd period - Snap shot by Jordan Eberle.
12:48 of 2nd period - Shot Misses the Net.
12:50 of 2nd period - Slapshot by Jake Guentzel.
12:50 of 2nd period - Deflect By Jordan Eberle.
12:50 of 2nd period - Shot Misses the Net.
12:50 of 2nd period - Puck is out of play.
12:51 of 2nd period - Andrei Loktionov wins face-off versus Max Reinhart in Penguins zone.
13:23 of 2nd period - Snap shot by Kyle Rau.
13:23 of 2nd period - Stopped by Jonathan Quick without a rebound.
13:24 of 2nd period - Evan Rodrigues wins face-off versus Kyle Rau in Penguins zone.
13:34 of 2nd period - Wrist shot by Brandon Tanev.
13:34 of 2nd period - Shot Blocked by Anton Lindholm.
14:48 of 2nd period - Snap shot by Brandon Tanev.
14:48 of 2nd period - Stopped by Ondrej Pavelec with a rebound.
14:50 of 2nd period - Snap shot by Justin Schultz.
14:50 of 2nd period - Deflect By Jamie Oleksiak.
14:50 of 2nd period - Stopped by Ondrej Pavelec without a rebound.
14:51 of 2nd period - Steven Stamkos wins face-off versus Anze Kopitar in Golden Knights zone.
14:58 of 2nd period - Anze Kopitar is hit by Steven Stamkos and loses puck.
15:08 of 2nd period - Off-side.
15:09 of 2nd period - Alexander Radulov wins face-off versus Max Reinhart in neutral zone.
15:21 of 2nd period - Snap shot by Andrei Loktionov.
15:21 of 2nd period - Stopped by Jonathan Quick with a rebound.
15:23 of 2nd period - Snap shot by Alexander Radulov.
15:23 of 2nd period - Shot Blocked by Keith Aulie.
15:25 of 2nd period - Wrist shot by Andrei Loktionov.
15:25 of 2nd period - Shot Blocked by Max Reinhart.
15:31 of 2nd period - Minor Penalty to Keith Aulie for Holding.
15:32 of 2nd period - Steven Stamkos wins face-off versus Anze Kopitar in Penguins zone.
16:08 of 2nd period - Wrist shot by Andrei Loktionov.
16:08 of 2nd period - Shot Blocked by Max Reinhart.
16:33 of 2nd period - Nick Leddy is hit by Steven Stamkos and loses puck.
17:31 of 2nd period - Penalty to Keith Aulie is over, Keith Aulie is back on ice.
18:04 of 2nd period - Wrist shot by Tom Wilson.
18:04 of 2nd period - Shot Misses the Net.
18:16 of 2nd period - Paul Stastny is hit by Tomas Nosek and loses puck.
18:37 of 2nd period - JT Compher is hit by Luke Glendening and loses puck.
18:50 of 2nd period - Jake Guentzel is hit by Ben Lovejoy and loses puck.
19:03 of 2nd period - Timo Meier is hit by Andrew Cogliano.
19:15 of 2nd period - Lawson Crouse is hit by Marcus Foligno.
19:38 of 2nd period - Alexander Radulov is hit by Brandon Tanev and loses puck.
19:53 of 2nd period - Justin Schultz is hit by Eric Robinson and loses puck.
Goals for this period are 0 for Golden Knights vs 0 for Penguins.
Shots for this period are 10 for Golden Knights vs 8 for Penguins.
3rd period
0:01 of 3rd period - Steven Stamkos wins face-off versus Anze Kopitar in neutral zone.
0:28 of 3rd period - Slapshot by Brendan Gallagher.
0:28 of 3rd period - Shot Misses the Net.
0:48 of 3rd period - Danny DeKeiser is hit by Olli Maatta.
0:54 of 3rd period - Wrist shot by Danny DeKeiser.
0:54 of 3rd period - Stopped by Ondrej Pavelec without a rebound.
0:55 of 3rd period - Tomas Nosek wins face-off versus Anze Kopitar in Golden Knights zone.
1:18 of 3rd period - Wrist shot by Tomas Nosek.
1:18 of 3rd period - Stopped by Jonathan Quick with a rebound.
1:26 of 3rd period - Luke Glendening is hit by Brendan Gallagher and loses puck.
1:43 of 3rd period - Snap shot by Brendan Gallagher.
1:43 of 3rd period - Stopped by Ondrej Pavelec without a rebound.
1:44 of 3rd period - Jake Guentzel wins face-off versus Max Reinhart in Golden Knights zone.
1:59 of 3rd period - Snap shot by Marcus Foligno.
1:59 of 3rd period - Shot Blocked by Zach Bogosian.
2:04 of 3rd period - Minor Penalty to Zach Bogosian for Tripping.
2:05 of 3rd period - Steven Stamkos wins face-off versus Anze Kopitar in Golden Knights zone.
2:21 of 3rd period - Slapshot by Anze Kopitar.
2:21 of 3rd period - Shot Blocked by Christopher Tanev.
2:37 of 3rd period - Slapshot by Keith Aulie.
2:37 of 3rd period - Deflect By Steven Stamkos.
2:37 of 3rd period - Goal by Keith Aulie - Golden Knights : 1 - Penguins : 3.
2:38 of 3rd period - Anze Kopitar wins face-off versus Steven Stamkos in neutral zone.
3:31 of 3rd period - Snap shot by Sebastian Aho.
3:31 of 3rd period - Stopped by Ondrej Pavelec with a rebound.
4:09 of 3rd period - Slapshot by Oscar Klefbom.
4:09 of 3rd period - Stopped by Ondrej Pavelec without a rebound.
4:10 of 3rd period - Tomas Nosek wins face-off versus Anze Kopitar in Golden Knights zone.
4:31 of 3rd period - Minor Penalty to Eric Robinson for Hooking.
4:32 of 3rd period - Anze Kopitar wins face-off versus Steven Stamkos in Golden Knights zone.
6:31 of 3rd period - Penalty to Eric Robinson is over, Eric Robinson is back on ice.
6:47 of 3rd period - Wrist shot by Paul Stastny.
6:47 of 3rd period - Deflect By Cal Clutterbuck.
6:47 of 3rd period - Stopped by Ondrej Pavelec without a rebound.
6:48 of 3rd period - Kyle Rau wins face-off versus Evan Rodrigues in Golden Knights zone.
7:54 of 3rd period - Zach Bogosian is hit by Timo Meier and loses puck.
8:21 of 3rd period - Slapshot by Brandon Tanev.
8:21 of 3rd period - Shot Misses the Net.
8:23 of 3rd period - Snap shot by Evan Rodrigues.
8:23 of 3rd period - Goal by Evan Rodrigues - Golden Knights : 1 - Penguins : 4.
8:24 of 3rd period - Anze Kopitar wins face-off versus Jordan Eberle in neutral zone.
8:31 of 3rd period - Wrist shot by Anze Kopitar.
8:31 of 3rd period - Goal by Anze Kopitar - Golden Knights : 1 - Penguins : 5.
8:32 of 3rd period - Steven Stamkos wins face-off versus Anze Kopitar in neutral zone.
8:57 of 3rd period - Steven Stamkos is hit by Cal Clutterbuck and loses puck.
9:44 of 3rd period - Slapshot by Tom Wilson.
9:44 of 3rd period - Stopped by Jonathan Quick without a rebound.
9:45 of 3rd period - Anze Kopitar wins face-off versus Kyle Rau in Penguins zone.
10:35 of 3rd period - Paul Stastny is hit by Jake Guentzel.
12:13 of 3rd period - Minor Penalty to Andrew Cogliano for Roughing.
12:14 of 3rd period - Anze Kopitar wins face-off versus Steven Stamkos in Golden Knights zone.
12:39 of 3rd period - Jake Guentzel is hit by Keith Aulie and loses puck.
13:41 of 3rd period - Icing by Danny DeKeiser.
13:42 of 3rd period - Anze Kopitar wins face-off versus Steven Stamkos in Penguins zone.
14:13 of 3rd period - Penalty to Andrew Cogliano is over, Andrew Cogliano is back on ice.
15:20 of 3rd period - Icing by Anton Lindholm.
15:21 of 3rd period - Andrei Loktionov wins face-off versus Sebastian Aho in Golden Knights zone.
15:51 of 3rd period - Brendan Gallagher is hit by Zach Bogosian and loses puck.
17:18 of 3rd period - Snap shot by Andrew Cogliano.
17:18 of 3rd period - Stopped by Jonathan Quick with a rebound.
18:07 of 3rd period - Wrist shot by JT Compher.
18:07 of 3rd period - Deflect By Evan Rodrigues.
18:07 of 3rd period - Stopped by Ondrej Pavelec with a rebound.
18:09 of 3rd period - Snap shot by Brandon Tanev.
18:09 of 3rd period - Stopped by Ondrej Pavelec with a rebound.
18:19 of 3rd period - Wrist shot by Anze Kopitar.
18:19 of 3rd period - Shot Misses the Net.
18:21 of 3rd period - Slapshot by Keith Aulie.
18:21 of 3rd period - Shot Blocked by Jamie Oleksiak.
18:23 of 3rd period - Slapshot by Keith Aulie.
18:23 of 3rd period - Stopped by Ondrej Pavelec with a rebound.
18:33 of 3rd period - Wrist shot by Lawson Crouse.
18:33 of 3rd period - Shot Misses the Net.
18:46 of 3rd period - Icing by Anton Lindholm.
18:47 of 3rd period - Sebastian Aho wins face-off versus Tomas Nosek in Golden Knights zone.
19:14 of 3rd period - Snap shot by Andrei Loktionov.
19:14 of 3rd period - Deflect By Andrew Cogliano.
19:14 of 3rd period - Stopped by Jonathan Quick without a rebound.
19:15 of 3rd period - Andrei Loktionov wins face-off versus Anze Kopitar in Penguins zone.
19:30 of 3rd period - Slapshot by Alexander Radulov.
19:30 of 3rd period - Stopped by Jonathan Quick with a rebound.
19:42 of 3rd period - Zach Bogosian is hit by Max Reinhart and loses puck.
19:53 of 3rd period - Slapshot by Steven Stamkos.
19:53 of 3rd period - Goal by Steven Stamkos - Golden Knights : 2 - Penguins : 5.
19:54 of 3rd period - Anze Kopitar wins face-off versus Steven Stamkos in neutral zone.
19:59 of 3rd period - Wrist shot by Keith Aulie.
19:59 of 3rd period - Shot Hit the Post.
Goals for this period are 1 for Golden Knights vs 3 for Penguins.
Shots for this period are 6 for Golden Knights vs 11 for Penguins.